 Dungeon Crawl Stone Soup version 0.28.0-53-g5a82cb258f (webtiles) character file.

Game seed: 15577847778347385878

42 Zeld the Ruffian (level 3, 0/28 HPs)
             Began as a Draconian Transmuter on June 3, 2022.
             Succumbed to an adder's poison
             ... on level 2 of the Dungeon.
             The game lasted 00:01:29 (1658 turns).

Zeld the Ruffian (Draconian Transmuter)             Turns: 1658, Time: 00:01:30

Health: 0/28       AC:  5    Str: 14    XL:     3   Next: 35%
Magic:  6/6        EV: 12    Int: 13    God:
Gold:   97         SH:  0    Dex: 11    Spells: 1/7 levels left

rFire   . . .      SeeInvis .     - Unarmed
rCold   . . .      Faith    .   (no shield)
rNeg    . . .      Spirit   .   (armour unavailable)
rPois   .          Reflect  .   (helmet restricted)
rElec   .          Harm     .   (no cloak)
rCorr   .          Rampage  .   (no gloves)
Will    .....                   (no boots)
Stlth   +.........              (no amulet)
HPRegen 0.09/turn               (no ring)
MPRegen 0.10/turn               (no ring)

@: lethally poisoned (0 -> -4)
A: AC +5, unfitting armour, cold-blooded
a: no special abilities


You were on level 2 of the Dungeon.
You visited 1 branch of the dungeon, and saw 2 of its levels.

You collected 97 gold pieces.

Inventory:

Scrolls
 a - a scroll of brand weapon {unknown}
 b - 3 scrolls of teleportation {unknown}
Potions
 c - a potion of mutation {unknown}
 d - a potion of cancellation


   Skills:
 + Level 1.4 Fighting
 - Level 1.7 Dodging
 - Level 3.0 Unarmed Combat
 * Level 2.5 Spellcasting
 + Level 2.2 Transmutations
 * Level 1.3 Ice Magic
 * Level 1.3 Poison Magic


You had one spell level left.
You knew the following spells:

 Your Spells              Type           Power      Damage    Failure   Level
a - Beastly Appendage     Tmut           14%        N/A       10%         1
b - Wereblood             Tmut           7%         N/A       14%         2
c - Spider Form           Tmut/Pois      6%         N/A       34%         3

Your spell library contained the following spells:

 Spells                   Type           Power      Damage    Failure   Level
 Ice Form                 Ice/Tmut       6%         N/A       75%         4


Dungeon Overview and Level Annotations

Branches:
Dungeon (2/15)

Altars:


Innate Abilities, Weirdness & Mutations

Your plain brown scales are hard. (AC +5)
You cannot fit into any form of body armour.
You are cold-blooded and may be slowed by cold attacks.


Message History

You are more poisoned.
The adder poisons you!
You hit the adder. Your headbutt misses the adder.
The adder is heavily wounded.
You feel very sick. The adder barely misses you. x2
You hit the adder. Your kick misses the adder. Your headbutt misses the adder.
The adder is severely wounded.
You feel sick. The adder bites you.
You are too injured to fight recklessly!
You barely miss the adder.
The adder is severely wounded.
You feel sick. The adder bites you.
You closely miss the adder.
You headbutt the adder, but do no damage.
The adder is severely wounded.
You feel sick. The adder bites you.
* * * LOW HITPOINT WARNING * * *
You are lethally poisoned!
The adder poisons you!
You barely miss the adder. Your kick misses the adder.
The adder is severely wounded.
* * * LOW HITPOINT WARNING * * *
You feel sick. The adder barely misses you. The adder bites you.
* * * LOW HITPOINT WARNING * * *
Unknown command.
You barely miss the adder. Your headbutt misses the adder.
The adder is severely wounded.
* * * LOW HITPOINT WARNING * * *
You feel sick. The adder bites you but does no damage.
Unknown command.
You barely miss the adder. You claw the adder. Your headbutt misses the adder.
You tail-slap the adder.
You kill the adder!
Your horns disappear.
Your talons disappear.
* * * LOW HITPOINT WARNING * * *
You feel sick.
Unknown command.
It was a potion of cancellation.
You feel magically purged.
You die...

#...>g##...## ####
#....<####..####.....
#................#
#.#.#########.####
#..#.# #..†.##
...##.# ####<.####
... #.#
##########....### ...
#.#
..................
#####..@#########.
#.....# #.......#
#.........
#........##
##.......# .......##
.........


There were no monsters in sight!

Vanquished Creatures
  2 adders (D:2)
  2 bats (D:1)
  2 endoplasms (D:1)
  A giant cockroach (D:1)
  A goblin (D:1)
  3 hobgoblins
  2 jackals (D:1)
  3 quokkas (D:1)
  3 kobolds (D:1)
  4 rats (D:1)
23 creatures vanquished.

Notes
Turn   | Place    | Note
-------+----------+-------------------------------------------
     0 | D:1      | Zeld the Draconian Transmuter began the quest for the Orb.
     0 | D:1      | Reached XP level 1. HP: 16/16 MP: 3/3
   590 | D:1      | Reached XP level 2. HP: 23/23 MP: 3/5
   935 | D:1      | Found a faded altar of an unknown god.
  1054 | D:1      | Learned a level 2 spell: Wereblood
  1110 | D:1      | Reached skill level 1 in Poison Magic
  1295 | D:1      | Reached skill level 1 in Ice Magic
  1356 | D:2      | Reached XP level 3. HP: 8/28 MP: 6/6
  1360 | D:2      | Learned a level 3 spell: Spider Form
  1657 | D:2      | HP: 1/28 [poisoned by an adder]
  1658 | D:2      | Succumbed to an adder's poison

Illustrated notes

Levels and vault maps discovered:
D:1:      minmay_arrival_hallway, layout_basic,
          hellmonk_ecumenical_altar_inner_sanctum
D:2:      layout_rooms

Skill      XL: |  1  2 |
---------------+-------+-----
Poison Magic   | 1 |  1.3
Ice Magic      | 1 |  1.3
Fighting       | |  1.4
Dodging        | |  1.7
Unarmed Combat | |  3.0
Spellcasting   | |  2.5
Transmutations | |  2.2

Action                   || total
-------------------------++-------
Melee: Unarmed           ||    72
       Headbutt          ||     9
       Kick              ||     7
       Tailslap          ||     5
       Punch             ||     1
 Cast: Beastly Appendage ||    19
  Use: Potion            ||     1
Armor: Skin              ||    21
Dodge: Dodged            ||    64
